 Dungeon Crawl Stone Soup version 0.23-a0-821-gecd3555 (webtiles) character file.

430 Firecrotchwizard the Chopper (level 6, 0/53 HPs)
             Began as a Minotaur Gladiator on Jan 23, 2019.
             Slain by an ogre
             ... wielding a +0 giant club
              (15 damage)
             ... on level 4 of the Dungeon.
             The game lasted 00:05:02 (2834 turns).

Firecrotchwizard the Chopper (Minotaur Gladiator)   Turns: 2834, Time: 00:05:03

Health: 0/53       AC: 10    Str: 22    XL:     6   Next: 66%
Magic:  5/5        EV:  8    Int:  6    God:
Gold:   125        SH:  0    Dex: 12    Spells: 5/5 levels left

rFire    . . .     SeeInvis .   n - +0 trident (flame)
rCold    . . .     Gourm    .   (no shield)
rNeg     . . .     Faith    .   g - +0 plate armour
rPois    .         Spirit   .   c - +0 hat
rElec    .         Reflect  .   (no cloak)
rCorr    .         Harm     .   (no gloves)
MR       .....                  (no boots)
Stlth    ..........             (no amulet)
HPRegen  0.17/turn              s - +3 ring of strength
MPRegen  0.09/turn              (no ring)

@: no status effects
A: retaliatory headbutt, horns 2
a: no special abilities


You were on level 4 of the Dungeon.
You were not hungry.

You visited 1 branch of the dungeon, and saw 4 of its levels.
You also visited: Sewer.

You collected 125 gold pieces.

Inventory:

Hand Weapons
 a - a +0 war axe
 n - a +0 trident of flaming (weapon)
   (You took it off an orc on level 3 of the Dungeon)
 t - a +0 battleaxe
   (You found it in a sewer)
Missiles
 d - 3 throwing nets {=f, !d}
Armour
 b - a +0 leather armour
 c - a +0 hat (worn)
 g - a +0 plate armour (worn)
   (You found it on level 3 of the Dungeon)
 o - a +0 scale mail
   (You took it off an orc on level 3 of the Dungeon)
 r - a +0 troll leather armour {Purgy}
   (You found it in a sewer)
Jewellery
 s - a +3 ring of strength (left hand)
   (You found it in a sewer)
Wands
 w - a wand of digging (4)
   (You found it on level 4 of the Dungeon)
Scrolls
 h - 6 scrolls of identify {unknown}
 i - 2 scrolls of blinking {unknown}
 j - 3 scrolls of fog {unknown}
 k - 3 scrolls of remove curse {unknown}
 l - 3 scrolls of amnesia {unknown}
 v - a scroll of magic mapping {unknown}
Potions
 e - a potion of might {unknown}
 m - a potion of mutation {unknown}
 p - a potion of agility {unknown}
 q - 2 potions of invisibility {unknown}
 u - 3 potions of curing {unknown}
Comestibles
 f - 11 rations


   Skills:
 + Level 4.7 Fighting
 * Level 7.0 Axes
 - Level 2.0 Throwing
 + Level 2.1 Armour
 - Level 4.4 Dodging


You had 5 spell levels left.
You didn't know any spells.
Your spell library was empty.

Dungeon Overview and Level Annotations

Branches:
Dungeon (4/15)
 Temple: D:4-7

Altars:
Cheibriados
Elyvilon
Fedhas
Gozag
Nemelex Xobeh
Okawaru
Xom


Innate Abilities, Weirdness & Mutations

You reflexively headbutt those who attack you in melee.
You have a pair of horns on your head.


Message History

You reach to attack!
You miss Natasha.
Natasha stares at you and mumbles some strange words.
The magic dart hits you.
You take 3 damage, and have 41/53 hp.
Attack whom?
Aim: Natasha, carrying a wand of flame (19)
You reach to attack!
Your plate armour prevents you from hitting Natasha.
Natasha mumbles some strange words.
Natasha shimmers violently.
Natasha casts a spell.
Your plate armour prevents you from hitting the iron imp.
Your headbutt misses the iron imp.
Natasha wildly gestures.
You feel disoriented. Natasha barely misses you. You furiously retaliate!
You headbutt Natasha. You puncture Natasha! You burn Natasha.
You kill Natasha!
Natasha growls in agony!
The iron imp disappears in a puff of smoke!
Your Armour skill increases to level 2!
No target in view!
No target in view!
You start resting.
Health restored: 53 Some of the chunks of flesh in your inventory have rotted away.
f - 10 rations (gained 1)
u - 3 green potions (gained 1) Some of the chunks of flesh in your inventory have rotted away.
Natasha, Servant of Life and Death comes into view.
She is carrying a wand of flame (19).
Natasha hisses angrily.
Natasha casts a spell at you.
The magic dart hits you but does no damage.
Natasha stares at you and mumbles some strange words.
You feel yourself slow down.
Natasha stares at you and mumbles some strange words.
The magic dart hits you.
You take 3 damage, and have 50/53 hp.
Natasha stares at you and mumbles some strange words.
The magic dart hits you.
Natasha zaps a wand.
The puff of flame hits you but does no damage.
You take 5 damage, and have 45/53 hp.
Attack whom?
Aim: Natasha, carrying a wand of flame (18)
You reach to attack!
You barely miss Natasha.
Natasha mumbles some strange words.
Attack whom?
Aim: Natasha, carrying a wand of flame (18)
You reach to attack!
You hit Natasha. You burn Natasha.
Natasha casts a spell.
You puncture Natasha! You burn Natasha.
You kill Natasha!
Natasha growls in agony!
The iron imp disappears in a puff of smoke!
The shadow imp disappears in a puff of smoke!
Your Axes skill increases to level 7!
No target in view!
w - a wand of digging (4)
You start resting.
You feel yourself speed up.
You regained 3 hp, and now have 50/53 hp.
h - 6 scrolls labeled VIOHEA SUDOO (gained 1)
Found an escape hatch in the ceiling.
Found a stone staircase leading down.
You regained 2 hp, and now have 52/53 hp.
There is an escape hatch in the ceiling here.
There is a stone staircase leading down here.
There is a stone staircase leading up here.
Found a stone staircase leading down.
Health restored: 53 No target in view!
f - 11 rations (gained 1)
Found a stone staircase leading down.
You now have 125 gold pieces (gained 14).
All of the chunks of flesh in your inventory have rotted away.
v - a scroll labeled EFYEWU ER XOLA An orc and an ogre come into view.
The ogre shouts!
The orc shouts!
You puncture the orc! You burn the orc.
You kill the orc!
Attack whom?
Aim: an ogre, wielding a +0 giant club You reach to attack!
You hit the ogre but do no damage. You barely miss the ogre.
The ogre barely misses you. You furiously retaliate!
You headbutt the ogre. You barely miss the ogre. Your headbutt misses the ogre.
The ogre hits you with a +0 giant club!!
You take 22 damage, and have 31/53 hp.
MASSIVE DAMAGE!!
You are too injured to fight recklessly!
You are too injured to fight recklessly!
You are too injured to fight recklessly!
Your plate armour prevents you from hitting the ogre.
You headbutt the ogre. The ogre hits you with a +0 giant club!
* * * LOW HITPOINT WARNING * * *
You take 16 damage, and have 15/53 hp.
MASSIVE DAMAGE!!
You hit the ogre. You burn the ogre. You headbutt the ogre!
The ogre hits you with a +0 giant club!
You die...

#.............##.#
#.###..######.##.#
#...# #.##.# .
##.#.# #.##.. ..#
#..#.# #.##.# ....
##.##.# #....#
.....####..# .#
#..###
......O.#.## .#
..... #@#.# .#
#.### #.#.###.#
#.......#
###.##### #.# #.#
#.# #.# #.#


You could see an ogre.

Vanquished Creatures
  Purgy (Sewer)
  An ogre (D:4)
  2 worker ants (D:4)
  Natasha (twice) (D:4)
  A hound skeleton (D:2)
  5 adders
  7 worms
  A dart slug (D:2)
  3 orcs
  3 ball pythons
  2 giant cockroaches (Sewer)
  7 goblins
  3 hobgoblins
  3 jackals (D:1)
  12 bats
  4 frilled lizards
  7 kobolds
  13 rats
77 creatures vanquished.

Notes
Turn   | Place    | Note
-------+----------+-------------------------------------------
     0 | D:1      | Firecrotchwizard the Minotaur Gladiator began the quest for
                  | the Orb.
     0 | D:1      | Reached XP level 1. HP: 18/18 MP: 0/0
   218 | D:1      | Reached skill level 4 in Axes
   270 | D:1      | Reached XP level 2. HP: 25/25 MP: 1/1
   624 | D:2      | Reached skill level 3 in Fighting
   624 | D:2      | Reached XP level 3. HP: 31/31 MP: 2/2
   990 | D:2      | Found a blossoming altar of Fedhas.
  1484 | D:3      | Reached skill level 5 in Axes
  1484 | D:3      | Reached XP level 4. HP: 32/38 MP: 3/3
  1655 | D:3      | Reached skill level 4 in Dodging
  1697 | D:3      | Found a glowing drain.
  1702 | Sewer    | Entered a sewer
  1749 | Sewer    | Noticed Purgy
  1752 | Sewer    | Killed Purgy
  1752 | Sewer    | Reached skill level 4 in Fighting
  1752 | Sewer    | Reached skill level 6 in Axes
  1752 | Sewer    | Reached XP level 5. HP: 41/46 MP: 4/4
  2186 | D:3      | Found an opulent altar of Gozag.
  2186 | D:3      | Found an iron altar of Okawaru.
  2186 | D:3      | Found a shimmering altar of Xom.
  2186 | D:3      | Found a white marble altar of Elyvilon.
  2194 | D:3      | Found a sparkling altar of Nemelex Xobeh.
  2194 | D:3      | Found a snail-covered altar of Cheibriados.
  2328 | D:4      | Noticed an ogre
  2336 | D:4      | Killed an ogre
  2336 | D:4      | Reached skill level 1 in Armour
  2336 | D:4      | Reached XP level 6. HP: 42/53 MP: 5/5
  2587 | D:4      | Noticed Natasha
  2593 | D:4      | Killed Natasha
  2593 | D:4      | Reached skill level 2 in Armour
  2716 | D:4      | Noticed Natasha
  2723 | D:4      | Killed Natasha
  2723 | D:4      | Reached skill level 7 in Axes
  2834 | D:4      | Slain by an ogre

Vault maps used:
D:1:      dpeg_arrival_tiny_h, minmay_misc_feat_encased, minmay_tromino_v4_c
D:2:      marbit_many_paths
D:3:      minmay_overflow_temple_hex, serial_forest,
          infiniplex_forest_straight_2, infiniplex_forest_lined_room_,
          infiniplex_forest_zigzag_2, infiniplex_forest_corner_1,
          infiniplex_forest_clump_large, infiniplex_forest_lined_room_3,
          infiniplex_forest_end_1, infiniplex_forest_side_room,
          infiniplex_forest_end_2, infiniplex_forest_3_way,
          lightli_sewer_entry_pipes
D:4:      nicolae_overflow_hidden_temple, first_ration, uniq_natasha
Sewer:    kennysheep_door_sewer

Skill      XL: |  1  2  3  4  5  6 |
---------------+-------------------+-----
Axes           | 4 5 6 7 |  7.0
Fighting       | 3 4 |  4.7
Dodging        | 4 |  4.4
Armour         | 1 2 |  2.1
Throwing       | |  2.0

Action                   |  1- 3 |  4- 6 || total
-------------------------+-------+-------++-------
Melee: War axe           |    63 |       ||    63
       Headbutt          |    11 |    17 ||    28
       Trident           |     6 |   114 ||   120
 Stab: Sleeping          |       |     1 ||     1
  Eat: Chunk             |     2 |     4 ||     6
Armor: Leather armour    |    18 |       ||    18
       Scale mail        |       |    13 ||    13
       Troll leather arm |       |     7 ||     7
       Plate armour      |       |     7 ||     7
Dodge: Dodged            |    61 |    37 ||    98

Table legend:
 A = Non-vault XP
 B = Vault XP
 C = Vault XP percentage of total XP
 D = Non-vault monster count
 E = Vault monster count
 F = Vault count percentage of total count
                 A         B        C        D         E       F
            +---------+---------+-------+---------+---------+-------
      Total |     370 |     245 |  39.8 |      59 |      18 |  23.4
            +---------+---------+-------+---------+---------+-------
        D:1 |      22 |       0 |   0.0 |      14 |       0 |   0.0
        D:2 |      57 |       2 |   3.4 |      14 |       1 |   6.7
        D:3 |      57 |      60 |  51.3 |      24 |      10 |  29.4
        D:4 |     234 |      33 |  12.4 |       7 |       1 |  12.5
      Sewer |       0 |     150 | 100.0 |       0 |       6 | 100.0
            +---------+---------+-------+---------+---------+-------

Vault maps used:
D:1:      dpeg_arrival_tiny_h, minmay_misc_feat_encased, minmay_tromino_v4_c
D:2:      marbit_many_paths
D:3:      minmay_overflow_temple_hex, serial_forest,
          infiniplex_forest_straight_2, infiniplex_forest_lined_room_,
          infiniplex_forest_zigzag_2, infiniplex_forest_corner_1,
          infiniplex_forest_clump_large, infiniplex_forest_lined_room_3,
          infiniplex_forest_end_1, infiniplex_forest_side_room,
          infiniplex_forest_end_2, infiniplex_forest_3_way,
          lightli_sewer_entry_pipes
D:4:      nicolae_overflow_hidden_temple, first_ration, uniq_natasha
Sewer:    kennysheep_door_sewer

Table legend:
 A = Turns spent in this place as a percentage of turns spent in the entire game.
 B = Non-inter-level travel turns spent in this place as a percentage of non-inter-level travel turns spent in the entire game.
 C = Inter-level travel turns spent in this place as a percentage of turns spent in this place.
 D = Turns resting spent in this place as a percentage of non-inter-level travel turns spent in this place.
 E = Turns spent auto-exploring this place as a percentage of non-inter-level travel turns spent in this place.
 F = Non-inter-level travel turns spent in this place divided by the number of levels of this place that you've seen.
                   A       B       C       D       E      F
               +-------+-------+-------+-------+-------+----------------------
         Total | 100.0 | 100.0 |   6.7 |  16.6 |  64.2 | 528.6
       Dungeon |  93.6 |  93.2 |   7.2 |  17.8 |  65.4 | 615.8
         Sewer |   6.4 |   6.8 |   0.0 |   0.0 |  48.9 | 180.0
               +-------+-------+-------+-------+-------+----------------------

Table legend:
 A = Kills in this place as a percentage of kills in entire the game.
 B = Kills by you in this place as a percentage of kills by you in the entire game.
 C = Kills by friends in this place as a percentage of kills by friends in the entire game.
 D = Other kills in this place as a percentage of other kills in the entire game.
 E = Experience gained in this place as a percentage of experience gained in the entire game.
 F = Experience gained in this place divided by the number of levels of this place that you have seen.
                   A       B       C       D       E      F
               +-------+-------+-------+-------+-------+----------------------
         Total | 100.0 | 100.0 |   N/A |   N/A | 100.0 | 123.0
       Dungeon |  92.2 |  92.2 |   N/A |   N/A |  75.6 | 116.2
         Sewer |   7.8 |   7.8 |   N/A |   N/A |  24.4 | 150.0
               +-------+-------+-------+-------+-------+----------------------
